 Dungeon Crawl Stone Soup version 0.31-a0-175-g9f7f995f2b (webtiles) character file.

Game seed: 12405074575861793715

45 qw the Chopper (level 3, -3/23 HPs)
             Began as a Gargoyle Fighter on June 17, 2023.
             Slain by Grinder (9 damage)
             ... on level 3 of the Dungeon.
             The game lasted 00:00:46 (1777 turns).

qw the Chopper (Gargoyle Fighter)                   Turns: 1777, Time: 00:00:47

Health: -3/23      AC:  6    Str: 21    XL:     3   Next: 64%
Magic:  3/3        EV: 17    Int:  8    God:
Gold:   165        SH:  0    Dex:  9    Spells: 2/2 levels left

rFire   + + .        Y - melded +0 war axe
rCold   + + .        c - melded +0 buckler
rNeg    + + +        h - melded +0 plate armour
rPois   inf          (helmet currently unavailable)
rElec   +            (cloak currently unavailable)
rCorr   +            (gloves currently unavailable)
SInv    .            (boots currently unavailable)
Will    .....        (amulet currently unavailable)
Stlth   +            (ring currently unavailable)
HPRegen 0.23/turn    (ring currently unavailable)
MPRegen 0.08/turn

%: no passive effects
@: wisp-form, flying
A: insubstantial, flying, no casting, sickness immunity, AC +3, tiny, negative
energy resistance 1, (electricity resistance), torment resistance 1,
petrification resistance
a: no special abilities


You were on level 3 of the Dungeon.
You were an insubstantial wisp.
You visited 1 branch of the dungeon, and saw 3 of its levels.

You collected 165 gold pieces.


Innate Abilities, Weirdness & Mutations

You are an insubstantial wisp.
Your tiny insubstantial body is highly resistant to most damage types.
You are flying.
Your equipment is entirely melded.
You are incapable of wielding weapons or throwing items.
You cannot cast spells.
You are immune to sickness and miasma.
((Your stone body is resilient. (AC +3)))
You are immune to poison.
You resist negative energy. (rN+)
((You are resistant to electric shocks. (rElec)))
You are resistant to unholy torment.
You are immune to petrification.


   Skills:
 - Level 3.2 Fighting
 + Level 3.4 Axes
 - Level 0.2 Throwing
 - Level 3.2 Armour
 - Level 3.2 Shields


You had 2 spell levels left.
You didn't know any spells.
Your spell library was empty.

Inventory:

Hand Weapons
 f - a +0 whip
 Y - a +0 war axe (melded)
Missiles
 a - 3 boomerangs (quivered)
Armour
 c - a +0 buckler (melded)
 h - a +0 plate armour (melded)
Jewellery
 j - a ring of ice
Potions
 d - a potion of might
 g - a potion of heal wounds {unknown}
 i - a potion of attraction {unknown}
 k - a potion of haste {unknown}

Dungeon Overview and Level Annotations

Branches:
Dungeon (3/15)

Altars:

Annotations:
D:3 Grinder


Message History

You barely miss Grinder.
Grinder is lightly wounded.
Grinder closely misses you.
You slash Grinder!
Grinder is heavily wounded.
Grinder gestures at you.
You suddenly lose the ability to move!
Grinder gestures at you.
You shrug off the repeated paralysis!
You can move again.
You closely miss Grinder.
Grinder is heavily wounded.
Grinder hits you but does no damage. Grinder gestures at you.
Pain shoots through your body!
You hit Grinder.
Grinder is heavily wounded.
Grinder hits you.
You writhe in agony.
You hit Grinder.
Grinder is heavily wounded.
Grinder hits you but does no damage.
You hit Grinder.
Grinder is severely wounded.
Grinder gestures at you. Pain shoots through your body!
You block Grinder's attack.
You hit Grinder.
Grinder is severely wounded.
Grinder zaps a wand.
You turn into an insubstantial wisp.
Your +0 war axe melds into your body.
Your +0 buckler melds into your body.
Your +0 plate armour melds into your body.
You touch Grinder but do no damage.
Grinder is severely wounded.
Grinder closely misses you.
You touch Grinder.
Grinder is almost dead.
Grinder completely misses you.
You barely miss Grinder.
Grinder is almost dead.
Grinder hits you!
You die...

###
#..
#..
#..
#..
#5##
#.v#
##.#
#.#
#<#
#.#
#.#
#?#
#.#
...


You could see Grinder.

Vanquished Creatures
  An adder (D:2)
  A worm (D:2)
  A dart slug (D:1)
  4 ball pythons
  7 endoplasms
  A giant cockroach (D:1)
  3 hobgoblins
  5 kobolds
  3 bats
  2 frilled lizards (D:2)
  2 goblins
  A rat (D:2)
31 creatures vanquished.

Notes
Turn   | Place    | Note
-------+----------+-------------------------------------------
     0 | D:1      | qw the Gargoyle Fighter began the quest for the Orb.
     0 | D:1      | Reached XP level 1. HP: 14/14 MP: 1/1
     0 | D:1      | 0 ||| qw: Version: 0.3-a-2-g5ab2908
     0 | D:1      | 0 ||| qw: Game counter: 307
     0 | D:1      | 0 ||| qw: Always use a shield: true
     0 | D:1      | 0 ||| qw: God list: Okawaru
     0 | D:1      | 0 ||| qw: Allow faded altars: false
     0 | D:1      | 0 ||| qw: Do Orc after D:15 true
     0 | D:1      | 0 ||| qw: Do second Lair branch before Depths: true
     0 | D:1      | 0 ||| qw: Lair rune preference: random
     0 | D:1      | 0 ||| qw: Plans: Normal, Zot:1-4, Slime:5, God:TSO, Crypt,
                  | Tomb, Abyss, Pan, Hells, Win
     0 | D:1      | 0 ||| PLANNING D:1-11
    63 | D:1      | Reached XP level 2. HP: 19/19 MP: 2/2
   258 | D:1      | 258 ||| Stepping ~*~*~tactically~*~*~ (hiding).
   507 | D:1      | 507 ||| UPGRADING to +0 plate armour.
   517 | D:1      | 517 ||| DROPPING +0 scale mail.
   518 | D:1      | 518 ||| READING scroll labelled XUERAF MIRA.
   549 | D:2      | Reached skill level 3 in Axes
   565 | D:2      | Reached XP level 3. HP: 21/23 MP: 3/3
   626 | D:2      | 626 ||| Stepping ~*~*~tactically~*~*~ (water).
  1605 | D:2      | 1605 ||| READING scroll labelled UDELAO YTOCK.
  1606 | D:2      | 1606 ||| READING scroll labelled ZAOTEDYSSE.
  1607 | D:2      | 1607 ||| READING scroll labelled XOATO XIEG.
  1649 | D:3      | Noticed Grinder
  1658 | D:3      | 1658 ||| FLEEEEING.
  1659 | D:3      | 1659 ||| STAIRDANCE
  1768 | D:3      | Paralysed by Grinder for 2 turns
  1773 | D:3      | HP: 5/23 [Grinder/nerve-wracking pain (5)]
  1777 | D:3      | Slain by Grinder

Levels and vault maps discovered:
D:1:      nicolae_arrival_somewhat_less_tricky_arrival, layout_rooms
D:2:      layout_basic, serial_aquarium, aquarium_bridge_square
          [aquarium_subvault_wall, aquarium_subvault_bridge,
          aquarium_subvault_wall, aquarium_subvault_window],
          aquarium_bridge_long_separate [aquarium_subvault_bridge,
          aquarium_subvault_bridge, aquarium_subvault_wall,
          aquarium_subvault_bridge, aquarium_subvault_wall,
          aquarium_subvault_wall], aquarium_window_fake, aquarium_window_fake,
          aquarium_view_2d, aquarium_view_2f, aquarium_balcony_3b,
          aquarium_pool_2, nrook_mini_backslash, dreamdust_princess_corridor,
          minivault_14, minmay_hedge_maze
D:3:      mumra_celtic_spiral_tile, layout_rooms, general_overflow_altar,
          nicolae_overflow_hidden_temple, st_stairs_6, uniq_grinder

Skill      XL: |  1  2 |
---------------+-------+-----
Axes           | 2 3 |  3.4
Fighting       | |  3.2
Throwing       | |  0.2
Armour         | |  3.2
Shields        | |  3.2

Action                     || total
---------------------------++-------
  Melee: War axe           ||   150
         Unarmed           ||     8
  Throw: Javelin           ||    23
         Boomerang         ||     9
    Use: Scroll            ||     4
 Armour: Scale mail        ||    13
         Plate armour      ||    37
         Skin              ||     1
  Dodge: Dodged            ||    33
  Block: Buckler           ||    16

Table legend:
 A = Non-vault XP
 B = Vault XP
 C = Vault XP percentage of total XP
 D = Non-vault monster count
 E = Vault monster count
 F = Vault count percentage of total count
                 A         B        C        D         E       F
            +---------+---------+-------+---------+---------+-------
      Total |      65 |       0 |   0.0 |      31 |       0 |   0.0
            +---------+---------+-------+---------+---------+-------
        D:1 |      26 |       0 |   0.0 |      15 |       0 |   0.0
        D:2 |      39 |       0 |   0.0 |      16 |       0 |   0.0
            +---------+---------+-------+---------+---------+-------
